 Dungeon Crawl Stone Soup version 0.31.0-1-g2c135a0 (webtiles) character file.

Game seed: 15872564425947647599

70301 Spillo the Spry (level 15, -5/110 (122) HPs)
             Began as a Merfolk Ice Elementalist on Feb 15, 2024.
             Was a Believer of the Shining One.
             Slain by an anaconda simulacrum (13 damage)
             ... on level 1 of the Snake Pit.
             The game lasted 01:10:06 (26458 turns).

Spillo the Spry (Merfolk Ice Elementalist)         Turns: 26458, Time: 01:10:06

HP:   -5/110 (122)  AC: 15    Str: 11    XL:     15   Next: 32%
MP:   28/28         EV: 18    Int: 30    God:    the Shining One [**....]
Gold: 891           SH:  0    Dex: 15    Spells: 20/40 levels left

rFire   + . .        u - +6 flail (protect)
rCold   . . .        (no shield)
rNeg    + + .        j - +5 steam dragon scales
rPois   +            G - +1 hat
rElec   .            q - scarf {harm}
rCorr   .            k - +0 pair of gloves
SInv    .            M - +2 pair of boots "Syozit" {rPois Str+3}
Will    +....        Z - amulet of magic regeneration
Stlth   +            N - ring "Ruired" {rF+ Int+2}
HPRegen 0.38/turn    i - ring "Iblim" {rN+ Int+6}
MPRegen 0.61/turn

%: harm (+30% outgoing, +20% incoming)
@: about to teleport, glowing, constricted, studying Spellcasting, drained
A: (nimble swimmer 2), mertail, low MP 1, wild magic 1
a: Renounce Religion, Divine Shield


You were on level 1 of the Snake Pit.
You worshipped the Shining One.
The Shining One was pleased with you.
You visited 5 branches of the dungeon, and saw 19 of its levels.
You also visited: Bailey and Gauntlet.

You collected 6076 gold pieces.
You spent 2287 gold pieces at shops.
You paid 2898 gold pieces to Gozag.

Inventory:

Hand Weapons
 d - a +0 dagger of draining
 e - a +2 short sword of venom
 r - a +2 whip of electrocution
 u - a +6 flail of protection (weapon)
 K - a +4 demon whip of venom
Missiles
 z - a throwing net
Armour
 a - a +0 robe
 j - +5 steam dragon scales (worn)
 k - a +0 pair of gloves (worn)
 n - a +1 pair of boots
 q - a scarf of harm (worn)
 w - a +0 helmet
 F - a +2 pair of boots of flying
 G - a +1 hat (worn)
 M - the +2 pair of boots "Syozit" (worn) {rPois Str+3}
   (You bought it in a shop on level 2 of the Orcish Mines)

   Str+3:     It affects your strength (+3).
   rPois:     It protects you from poison
Jewellery
 i - the ring "Iblim" (right hand) {rN+ Int+6}
   (You took it off a minotaur in a Gauntlet)

   [ring of intelligence]

   Int+6:     It affects your intelligence (+6).
   rN+:       It protects you from negative energy.
 l - a ring of positive energy
 m - a +4 ring of protection
 p - a ring of ice
 y - a +6 ring of intelligence
 D - a ring of wizardry
 L - a ring of poison resistance
 N - the ring "Ruired" (left hand) {rF+ Int+2}
   (You found it in a Gauntlet)

   [ring of protection from fire]

   Int+2:     It affects your intelligence (+2).
   rF+:       It protects you from fire.
 T - a ring of willpower
 V - an amulet of regeneration
 W - a ring of protection from fire
 Z - an amulet of magic regeneration (around neck)
Wands
 b - a wand of quicksilver (11) (quivered)
 B - a wand of flame (18)
 H - a wand of charming (18)
 J - a wand of iceblast (15)
 O - a wand of polymorph (3)
 S - a wand of mindburst (6)
Scrolls
 c - 8 scrolls of identify
 f - 4 scrolls of teleportation
 g - 2 scrolls of amnesia
 o - 3 scrolls of poison
 s - 2 scrolls of fear
 A - a scroll of summoning
 U - a scroll of enchant weapon
 X - 3 scrolls of brand weapon
Potions
 h - 4 potions of curing
 t - 2 potions of magic
 C - 3 potions of enlightenment
 E - 2 potions of cancellation
 I - 3 potions of lignification
 P - 11 potions of ambrosia
 R - a potion of resistance
Miscellaneous
 v - a condenser vane
 x - a phantom mirror
 Q - a lightning rod (4/4)
 Y - a phial of floods


   Skills:
 * Level 12.5 Fighting
 + Level 10.2 Maces & Flails
 * Level 17.1 Dodging
 - Level 2.1 Stealth
 + Level 13.1 Spellcasting
 - Level 2.0 Summonings
 + Level 13.6 Ice Magic


You had 20 spell levels left.
You knew the following spells:

 Your Spells              Type           Power      Damage    Failure   Level
a - Freeze                Ice            100%       1d10      1%          1
b - Frozen Ramparts       Ice            100%       1d16      1%          3
c - Ozocubu's Armour      Ice            93%        N/A       1%          3
d - Summon Ice Beast      Ice/Summ       72%        N/A       1%          3
e - Ozocubu's Refrigerat  Ice            46%        4d17      13%         7
f - Swiftness             Air            25%        N/A       12%         3

Your spell library contained the following spells:

 Spells                   Type           Power      Damage    Failure   Level
 Hailstorm                Conj/Ice       68%        3d12      1%          3
 Summon Small Mammal      Summ           100%       N/A       2%          1
 Apportation              Tloc           50%        N/A       4%          1
 Necrotise                Necr           100%       1d9       4%          1
 Shock                    Conj/Air       100%       1d9       4%          1
 Sting                    Conj/Alch      100%       1d9       4%          1
 Mercury Vapours          Alch/Air       50%        N/A       6%          2
 Gell's Gravitas          Tloc           25%        N/A       12%         3
 Mephitic Cloud           Conj/Alch/Air  25%        N/A       12%         3
 Teleport Other           Tloc           25%        N/A       12%         3
 Vampiric Draining        Necr           25%        2d7       12%         3
 Freezing Cloud           Conj/Ice/Air   28%        6-21      16%         5
 Martyr's Knell           Necr/Summ      33%        N/A       24%         4
 Sculpt Simulacrum        Ice/Alch       34%        N/A       32%         6
 Airstrike                Air            12%        2d(2-18)  34%         4
 Animate Dead             Necr           25%        N/A       34%         4
 Vhi's Electric Charge    Tloc/Air       50%        N/A       34%         4
 Arcjolt                  Conj/Air       12%        1d22      65%         5
 Curse of Agony           Necr           25%        N/A       65%         5
 Dispersal                Tloc           12%        N/A       99%         6
 Plasma Beam              Fire/Air       12%        2x1d23    99%         6
 Haunt                    Necr/Summ      16%        N/A       100%        7
 Infestation              Necr           12%        N/A       100%        8
 Polar Vortex             Ice            46%        12d6*     100%        9


Dungeon Overview and Level Annotations

Branches:
Dungeon (10/15)            Temple (1/1) D:4            Lair (5/5) D:10
 Shoals (0/4) Lair:3        Snake (1/4) Lair:3        Slime (0/5) Lair:4
    Orc (2/2) D:9             Elf (0/3) Orc:2        Bailey (visited)
Gauntlet (visited)

Altars:
Ashenzari
Cheibriados
Dithmenos
Elyvilon
Fedhas
Gozag
Hepliaklqana
Kikubaaqudgha
Makhleb
Nemelex Xobeh
Okawaru
Qazlal
Ru
Sif Muna
Trog
Uskayaw
Vehumet
Wu Jian
Xom
Yredelemnul
Zin
The Shining One

Shops:
Orc:2 [[(:   Lair:1 :   Lair:5 :

Annotations:
D:4 2 transporters, strontium90w's ghost, amateur DrSh
D:5 3 runed translucent doors, Agrajag's ghost, amateur DjCK
D:10 2 transporters, geeeeen's ghost, novice MiBe


Innate Abilities, Weirdness & Mutations

((You are very nimble when in or above water. (Stealth+, EV+, Speed+++)))
Your lower body shifts to a powerful aquatic tail in water.
Your magical capacity is low. (-10% MP)
Your spells are a little harder to cast, but a little more powerful.


Message History

The anaconda skeleton bites you but does no damage.
The spectral anaconda bites you.
* * * LOW HITPOINT WARNING * * *
You partially resist.
You feel drained.
The spectral anaconda bites you but does no damage.
The anaconda skeleton closely misses you.
The anaconda skeleton constricts you.
The anaconda skeleton closely misses you.
The spectral anaconda bites you but does no damage.
The spectral anaconda completely misses you.
As you read the scroll of teleportation, it crumbles to dust.
You feel strangely unstable. The anaconda skeleton misses you.
The anaconda skeleton constricts you.
The anaconda simulacrum bites you but does no damage.
The anaconda skeleton closely misses you.
The spectral anaconda misses you.
The spectral anaconda barely misses you.
The anaconda skeleton bites you.
* * * LOW HITPOINT WARNING * * *
The anaconda skeleton constricts you. The anaconda simulacrum bites you.
* * * LOW HITPOINT WARNING * * *
The anaconda simulacrum freezes you!! The Shining One protects you from harm!
The anaconda skeleton bites you but does no damage.
The spectral anaconda completely misses you.
The spectral anaconda bites you but does no damage.
The anaconda skeleton misses you. The anaconda skeleton constricts you.
The anaconda simulacrum completely misses you.
You feel better.
The spectral anaconda barely misses you.
The spectral anaconda bites you!
* * * LOW HITPOINT WARNING * * *
The anaconda skeleton misses you.
The anaconda skeleton bites you but does no damage.
The anaconda skeleton constricts you.
* * * LOW HITPOINT WARNING * * *
The anaconda simulacrum bites you!
* * * LOW HITPOINT WARNING * * *
The anaconda simulacrum freezes you!
You die...

########## ####........###
.. #.#.....(.....## ...#
#..............## #.....
#...............####......
.))..#####......#.........
.))### ###..).Z.....!...
..## ##.ZZZZ........ ..#
##.ZZ@......... .##
###).ZZ.......... ##
#....Z##.......N. #
##...######...... #...#
..... ).~~.. #...# ...#
##~.... #..## ..# #...~~.
#...## .. #≈...ZZ
#....##.. .


You could see 5 spectral anacondas, 2 anaconda simulacra, an anaconda zombie and
2 anaconda skeletons.

Vanquished Creatures
  A minotaur (Gauntlet)
  Azrael (Orc:2)
  3 hydras
  A catoblepas (Lair:5)
  2 ogre magi (Orc:2)
  5 death yaks
  A two-headed ogre (Orc:2)
  A death scarab (Gauntlet)
  3 orc high priests (Orc:2)
  A naga warrior (Snake:1)
  A naga sharpshooter (Snake:1)
  A salamander mystic (Snake:1)
  2 skysharks
  A spectral anaconda (Snake:1)
  A spectral hydra (Gauntlet)
  5 orc knights
  Pikel (D:7)
  4 harpies (Lair:3)
  3 orc sorcerers
  An ugly thing (D:8)
  A manticore (Lair:5)
  Maurice (D:7)
  6 black mambas
  4 kobold blastminers (Orc:2)
  18 elephants
  Maggie (D:6)
  4 rime drakes
  2 torpor snails
  5 cane toads
  6 komodo dragons
  A queen bee (Gauntlet)
  2 trolls
  A polar bear (Lair:1)
  Grinder (D:4)
  Prince Ribbit (D:7)
  5 dream sheep (Lair:4)
  14 blink frogs
  A shadow (D:10)
  3 wyverns
  33 yaks
  4 fire elementals (Orc:2)
  4 basilisks
  3 wargs (Orc:2)
  A steam dragon (D:10)
  3 vampire mosquitoes (D:10)
  Edmund (D:4)
  4 nagas (Snake:1)
  25 water moccasins
  Duvessa (D:4)
  2 ice beasts
  18 orc warriors
  6 ogres
  9 wolves
  5 centaurs
  2 lemures (D:7)
  A kobold brigand (D:9)
  7 bullfrogs
  3 scorpions
  4 wights (D:8)
  Dowan (D:4)
  24 killer bees
  2 howler monkeys
  3 electric eels
  3 jellies
  6 hounds
  A bombardier beetle (D:5)
  A gnoll bouda (D:7)
  17 orc priests
  3 iguanas
  21 orc wizards
  Robin (D:4)
  3 gnolls
  7 adders
  3 shadow imps
  2 white imps (D:6)
  3 ufetubi
  A dart slug (D:4)
  A ribbon worm (D:3)
  84 orcs
  5 bats
  7 endoplasms
  5 giant cockroaches
  27 goblins
  12 hobgoblins
  7 jackals
  23 kobolds
  2 quokkas
  3 ball pythons
  3 frilled lizards (D:3)
  6 rats
539 creatures vanquished.

Vanquished Creatures (collateral kills)
  A catoblepas (D:9)
  A death yak (Lair:5)
  Amaemon (D:9)
  A lindwurm (Lair:5)
  An orc knight (Orc:2)
  An orc sorcerer (Orc:1)
  A manticore (Lair:5)
  3 black mambas (Snake:1)
  An elephant (Lair:3)
  An orange demon (D:9)
  A torpor snail (Lair:5)
  2 cane toads
  A troll (D:10)
  A queen bee (Lair:3)
  11 blink frogs
  4 dream sheep
  A shadow (D:7)
  A wyvern (Lair:5)
  A basilisk (Lair:3)
  7 yaks
  A naga (Snake:1)
  2 water moccasins (Lair:3)
  6 orc warriors
  2 ogres (Orc:1)
  5 wolves
  A bullfrog (Lair:4)
  11 killer bees
  3 howler monkeys (D:9)
  An electric eel (D:9)
  A bombardier beetle (D:6)
  A hell rat (Lair:5)
  A gnoll (D:7)
  An adder (D:5)
  An ufetubus (D:7)
  6 orcs
85 creatures vanquished.

Vanquished Creatures (others)
  An orc priest (Orc:2)
  An orc (D:9)
2 creatures vanquished.

Grand Total: 626 creatures vanquished

Notes
Turn   | Place    | Note
-------+----------+-------------------------------------------
     0 | D:1      | Spillo the Merfolk Ice Elementalist began the quest for the
                  | Orb.
     0 | D:1      | Reached XP level 1. HP: 13/13 MP: 3/3
   258 | D:1      | Reached XP level 2. HP: 16/19 MP: 5/5
   343 | D:1      | Reached skill level 5 in Ice Magic
   927 | D:2      | Reached XP level 3. HP: 22/24 MP: 6/6
   931 | D:2      | Learned a level 3 spell: Frozen Ramparts
  1867 | D:3      | Reached XP level 4. HP: 30/30 MP: 7/7
  1871 | D:3      | Learned a level 3 spell: Ozocubu's Armour
  1879 | D:3      | Found a shimmering blue altar of Sif Muna.
  1974 | D:3      | Found a radiant altar of Vehumet.
  1981 | D:3      | Identified the staff of Noon {rElec rCorr Str-3 Int-2 Dex+8
                  | Air}
  2925 | D:4      | Noticed Robin
  3056 | D:4      | Killed Robin
  3057 | D:4      | Reached XP level 5. HP: 35/35 MP: 4/8
  3113 | D:4      | Noticed Dowan
  3115 | D:4      | Noticed Duvessa
  3128 | D:4      | Killed Duvessa
  3129 | D:4      | Reached XP level 6. HP: 34/41 MP: 2/11
  3134 | D:4      | Killed Dowan
  3139 | D:4      | Learned a level 3 spell: Summon Ice Beast
  3176 | D:4      | Noticed Grinder
  3186 | D:4      | Paralysed by Grinder for 5 turns
  3200 | D:4      | Paralysed by Grinder for 3 turns
  3207 | D:4      | Killed Grinder
  3208 | D:4      | Reached skill level 1 in Fighting
  3208 | D:4      | Reached skill level 3 in Dodging
  3208 | D:4      | Reached XP level 7. HP: 22/48 MP: 5/13
  3429 | D:4      | Reached skill level 4 in Dodging
  3512 | D:4      | Found a staircase to the Ecumenical Temple.
  3529 | Temple   | Entered the Ecumenical Temple
  3722 | D:4      | Found a transporter.
  3765 | D:4      | Found a shadowy altar of Dithmenos.
  3958 | D:4      | Found a transporter.
  3958 | D:4      | Noticed strontium90w's ghost (amateur DrSh)
  3960 | D:4      | Noticed Edmund
  3972 | D:4      | Killed Edmund
  4303 | D:4      | Reached skill level 5 in Dodging
  4303 | D:4      | Reached XP level 8. HP: 57/57 MP: 7/14
  4485 | D:4      | Reached skill level 1 in Maces & Flails
  4748 | D:5      | Entered Level 5 of the Dungeon
  4756 | D:5      | Found a runed translucent gate.
  4756 | D:5      | Found a runed translucent gate.
  4759 | D:5      | Found a runed translucent gate.
  4759 | D:5      | Noticed Agrajag's ghost (amateur DjCK)
  4813 | D:5      | Reached skill level 5 in Spellcasting
  5511 | D:6      | Noticed Maggie
  5521 | D:6      | Killed Maggie
  5522 | D:6      | Reached skill level 6 in Dodging
  5712 | D:6      | Reached XP level 9. HP: 62/65 MP: 10/17
  6774 | D:7      | Noticed Maurice
  6781 | D:7      | Killed Maurice
  6782 | D:7      | Reached skill level 5 in Fighting
  6782 | D:7      | Reached skill level 7 in Dodging
  7047 | D:7      | Reached skill level 1 in Summonings
  7152 | D:7      | HP: 2/68 [something (8)]
  7348 | D:7      | Noticed Pikel
  7357 | D:7      | Killed Pikel
  7358 | D:7      | Reached skill level 8 in Dodging
  7496 | D:7      | Found an ancient bone altar of Kikubaaqudgha.
  7550 | D:7      | Noticed Prince Ribbit
  7559 | D:7      | Killed Prince Ribbit
  7560 | D:7      | Reached XP level 10. HP: 76/76 MP: 10/19
  7899 | D:8      | Noticed a white ugly thing
  7918 | D:8      | Killed a white ugly thing
  8356 | D:8      | Reached skill level 9 in Dodging
  8460 | D:8      | Found a flagged portal.
  8489 | Bailey   | Entered a bailey
  8635 | Bailey   | Reached skill level 5 in Maces & Flails
  8701 | Bailey   | Noticed an orc knight
  8713 | Bailey   | Killed an orc knight
  9653 | D:9      | Found a glowing silver altar of Zin.
  9778 | D:9      | Found an opulent altar of Gozag.
  9783 | D:9      | Noticed an orange demon
  9784 | D:9      | Noticed Amaemon
  9785 | D:9      | Became a worshipper of Gozag Ym Sagoz the Greedy
  9800 | D:9      | Killed Amaemon
  9801 | D:9      | Reached skill level 10 in Ice Magic
  9801 | D:9      | Reached XP level 11. HP: 43/84 MP: 12/21
  9802 | D:9      | Reached skill level 10 in Dodging
 10075 | D:9      | Found a white marble altar of Elyvilon.
 10228 | D:9      | Noticed a catoblepas
 10250 | D:9      | Killed a catoblepas
 10658 | D:9      | Found a staircase to the Orcish Mines.
 10829 | D:10     | Entered Level 10 of the Dungeon
 11502 | D:10     | Noticed a moth of wrath
 11510 | D:10     | Found a transporter.
 11514 | D:10     | Noticed geeeeen's ghost (novice MiBe)
 11514 | D:10     | Noticed a manticore
 11529 | D:10     | Found a transporter.
 12190 | D:10     | Reached skill level 11 in Dodging
 12243 | D:10     | Found a staircase to the Lair.
 12330 | D:10     | Gained mutation: Your spells are a little harder to cast,
                  | but a little more powerful. [potion of mutation]
 12330 | D:10     | Gained mutation: Your magical capacity is low. (-10% MP)
                  | [potion of mutation]
 12343 | Lair:1   | Entered Level 1 of the Lair of Beasts
 12760 | Lair:1   | Reached XP level 12. HP: 68/94 MP: 11/21
 12984 | Lair:1   | Reached skill level 12 in Dodging
 13497 | Lair:2   | Noticed a skyshark
 13747 | Lair:2   | Killed a skyshark
 14051 | Lair:1   | Bought a manual of Spellcasting for 1200 gold pieces
 14135 | Lair:2   | Reached skill level 13 in Dodging
 14203 | Lair:2   | Identified the +9 halberd of Vanity {drain, rElec Str+2}
 14887 | Lair:3   | Reached XP level 13. HP: 74/103 MP: 14/23
 15115 | Lair:3   | Found a staircase to the Shoals.
 15124 | Lair:3   | Reached skill level 10 in Fighting
 15163 | Lair:3   | Reached skill level 14 in Dodging
 15791 | Lair:3   | Found a staircase to the Snake Pit.
 17064 | Lair:4   | Identified the +1 long sword "Ocwem" {holy, rElec rF+ rN+
                  | Int-3}
 17133 | Lair:4   | Reached skill level 10 in Spellcasting
 17298 | Lair:4   | Reached skill level 15 in Dodging
 17404 | Lair:4   | Found a staircase to the Slime Pits.
 17490 | Lair:4   | Identified the +4 ring mail of Daffodils {rElec Will-
                  | Str+3}
 17592 | Lair:4   | Reached XP level 14. HP: 91/113 MP: 18/25
 18296 | Lair:5   | Entered Level 5 of the Lair of Beasts
 18721 | Lair:5   | Found a gate leading to a gauntlet.
 18795 | Gauntlet | Entered a Gauntlet
 18795 | Gauntlet | Found a large runed translucent door.
 18795 | Gauntlet | Found a large runed translucent door.
 18795 | Gauntlet | Found a large runed translucent door.
 18795 | Gauntlet | Found a large runed translucent door.
 18795 | Gauntlet | Found a large runed translucent door.
 18795 | Gauntlet | Found a large runed translucent door.
 18795 | Gauntlet | Found a runed translucent door.
 18795 | Gauntlet | Found a transporter.
 18795 | Gauntlet | Found a transporter.
 18795 | Gauntlet | Found a runed translucent door.
 18795 | Gauntlet | Found a large runed translucent door.
 18795 | Gauntlet | Found a large runed translucent door.
 18795 | Gauntlet | Found a large runed translucent door.
 18795 | Gauntlet | Found a large runed translucent door.
 18795 | Gauntlet | Found a large runed translucent door.
 18795 | Gauntlet | Found a large runed translucent door.
 18827 | Gauntlet | Found a transporter.
 18827 | Gauntlet | Found a transporter.
 18828 | Gauntlet | Found a large runed translucent door.
 18828 | Gauntlet | Found a large runed translucent door.
 18828 | Gauntlet | Found a large runed translucent door.
 18828 | Gauntlet | Found a large runed translucent door.
 18833 | Gauntlet | Found a runed translucent gate.
 18833 | Gauntlet | Found a runed translucent gate.
 18833 | Gauntlet | Found a runed translucent gate.
 18835 | Gauntlet | Found a transporter.
 18850 | Gauntlet | Found a transporter.
 18860 | Gauntlet | Found a transporter.
 18860 | Gauntlet | Found a transporter.
 18865 | Gauntlet | Found a transporter.
 18892 | Gauntlet | Found a transporter.
 18899 | Gauntlet | Found a transporter.
 18939 | Gauntlet | Found a transporter.
 18954 | Gauntlet | Found a transporter.
 18975 | Gauntlet | Found a transporter.
 19075 | Gauntlet | Found a transporter.
 19091 | Gauntlet | Found a transporter.
 19677 | Gauntlet | Identified the ring "Ruired" {rF+ Int+2}
 19698 | Gauntlet | Identified the ring "Iblim" {rN+ Int+6}
 19727 | Gauntlet | Reached skill level 16 in Dodging
 19742 | Gauntlet | Identified a scroll of acquirement
 19742 | Gauntlet | Acquired 825 gold pieces
 21800 | Lair:5   | Identified the +3 great sword "Hurili" {flame, rC+ Str+4}
 21894 | Lair:5   | Bought the Codex of Chilblains for 576 gold pieces
 21903 | Lair:5   | Learned a level 7 spell: Ozocubu's Refrigeration
 21907 | Lair:5   | Learned a level 3 spell: Swiftness
 22129 | Orc:1    | Entered Level 1 of the Orcish Mines
 22566 | Temple   | Fell from the grace of Gozag
 22566 | Temple   | Became a worshipper of the Shining One
 22868 | Orc:1    | Reached skill level 10 in Maces & Flails
 22997 | Orc:1    | HP: 3/112 [orc warrior/+0 battleaxe[an orc knight] (29)]
 23730 | Orc:2    | Entered Level 2 of the Orcish Mines
 23936 | Orc:2    | Reached * piety under the Shining One
 24328 | Orc:2    | Noticed Azrael
 24330 | Orc:2    | Killed Azrael
 24331 | Orc:2    | Reached XP level 15. HP: 120/120 MP: 8/28
 24791 | Orc:2    | Reached ** piety under the Shining One
 24964 | Orc:2    | Reached skill level 17 in Dodging
 25151 | Orc:2    | Found a staircase to the Elven Halls.
 25368 | Orc:2    | Found Woes's Antique Weapon Boutique.
 25368 | Orc:2    | Found Zijey's Book Emporium.
 25370 | Orc:2    | Found Apivisuu's Antique Armour Boutique.
 25370 | Orc:2    | Found Tuwkouf's Antique Armour Emporium.
 25384 | Orc:2    | Bought a glowing hat for 217 gold pieces
 25384 | Orc:2    | Bought a pair of shimmering boots for 294 gold pieces
 25384 | Orc:2    | Identified the +2 pair of boots "Syozit" {rPois Str+3} (You
                  | bought it in a shop on level 2 of the Orcish Mines)
 25625 | Snake:1  | Entered Level 1 of the Snake Pit
 26457 | Snake:1  | The Shining One protects you from harm!
 26458 | Snake:1  | Slain by an anaconda simulacrum

Illustrated notes

Levels and vault maps discovered:
D:1:      beargit_arrival_diablo_church, layout_basic, serial_forest,
          infiniplex_forest_zigzag_1, infiniplex_forest_lined_4_way,
          infiniplex_forest_lined_3_way, infiniplex_forest_lined_corner,
          infiniplex_forest_clump_tiny, infiniplex_forest_join,
          infiniplex_forest_zigzag_1, infiniplex_forest_straight_4, st_stairs_4
D:2:      minmay_general_purpose_star, layout_loops_corners, serial_glass,
          glass_columns_a, glass_columns_b, glass_columns_b, glass_columns_b,
          glass_columns_a, glass_columns_a
D:3:      layout_loops_corners, lemuel_tele_altar, mainiacjoe_overflow_paths,
          minmay_vboxes
D:4:      layout_loops_cross, nicolae_dithmenos_shadow_blocks,
          minmay_temple_entry_fiery, gammafunk_ghost_mausoleum, nzn_random_ring,
          uniq_grinder, uniq_robin, uniq_duvessa, uniq_edmund
D:5:      layout_rooms, gammafunk_ghost_nasty_kobolds, corexii_shack
D:6:      layout_basic, uniq_maggie
D:7:      layout_basic, kiku_gazebo_garden_becter, minivault_1, uniq_maurice,
          uniq_pikel, uniq_prince_ribbit1
D:8:      layout_cave_pods, enter_bailey_3
D:9:      layout_gridville, zin_academy, lemuel_coloured_pillars_altar,
          mainiacjoe_overflow_boulevard, erik_orc_2, uniq_amaemon
D:10:     layout_roguey, erik_lair_dragon, gammafunk_ghost_berserking_beasts
Temple:   nicolae_temple_superstar
Lair:1:   layout_roguey, lemuel_fruit_fields
Lair:2:   layout_gridlike, serial_bayou_shore_a
Lair:3:   layout_cave_pods, nicolae_shoals_entry_roost,
          minmay_snake_entry_six_corridors, special_room [special_room_bee],
          st_stairs_9, grunt_megastairs_5
Lair:4:   layout_regular_city, slime_entry_1, grunt_megastairs_4
Lair:5:   hangedman_lair_in_review, layout_layer_cave, gauntlet_entry_generic
Snake:1:  layout_grid_shapes, nicolae_snake_dead_anacondas
Orc:1:    layout_caves, dreamdust_deal_with_the_devil
Orc:2:    grunt_orc_tribal_feast, layout_caves, uniq_azrael

Skill      XL: |  1  2  3  4  5  6  7  8  9 10 11 12 13 14 15 |
---------------+----------------------------------------------+-----
Ice Magic      | 5 6 7 8 9 10 11 12 13 | 13.6
Spellcasting   | 3 4 5 6 7 8 10 12 13 | 13.1
Fighting       | 1 2 4 5 7 8 9 11 12 | 12.5
Dodging        | 3 5 6 8 9 11 13 15 16 17 | 17.1
Maces & Flails | 2 4 5 6 8 9 10 | 10.2
Summonings     | 1 2 |  2.0
Stealth        | |  2.1

Action                     |  1- 3 |  4- 6 |  7- 9 | 10-12 | 13-15 || total
---------------------------+-------+-------+-------+-------+-------++-------
  Melee: Short sword       |   101 |   112 |    67 |       |       ||   280
         Punch             |       |     1 |     3 |     5 |     5 ||    14
         Flail             |       |       |   194 |   487 |   679 ||  1360
   Cast: Freeze            |     1 |       |     5 |    11 |    37 ||    54
         Frozen Ramparts   |       |     9 |    19 |    38 |    41 ||   107
         Ozocubu's Armour  |       |     3 |    17 |    22 |    28 ||    70
         Summon Ice Beast  |       |       |     8 |    28 |    70 ||   106
         Ozocubu's Refrige |       |       |       |       |    26 ||    26
 Invoke: Call Merchant     |       |       |       |     1 |     1 ||     2
         Potion Petition   |       |       |       |       |     3 ||     3
  Evoke: Wand              |       |       |       |     1 |       ||     1
    Use: Potion            |       |     2 |     6 |     5 |    10 ||    23
         Scroll            |       |       |    12 |     7 |    13 ||    32
   Stab: Sleeping          |     5 |     1 |     6 |     3 |     2 ||    17
         Distracted        |       |       |     3 |     4 |     4 ||    11
 Armour: Robe              |    65 |    81 |    90 |       |       ||   236
         Steam dragon scal |       |       |   116 |   420 |   698 ||  1234
  Dodge: Dodged            |    62 |    80 |   211 |   595 |   905 ||  1853
